 Dungeon Crawl Stone Soup version 0.13.0 (webtiles) character file.

672 4tharraofdagon the Ruffian (level 7, -4/67 HPs)
             Began as a Troll Monk on Oct 11, 2013.
             Was a Believer of Cheibriados.
             Slain by a crocodile (18 damage)
             ... on Level 8 of the Dungeon.
             The game lasted 00:11:55 (1193 turns).

4tharraofdagon the Ruffian (Troll Monk)             Turns: 1193, Time: 00:11:56

HP  -4/67        AC  5     Str 26      XL: 7   Next: 15%
MP   4/4         EV 16     Int 14      God: Cheibriados [**....]
Gold 87          SH  0     Dex 23      Spells:  0 memorised,  9 levels left

Res.Fire  : . . .   See Invis. : .     - Unarmed
Res.Cold  : . . .   Warding    : .   a - +0 robe
Life Prot.: . . .   Conserve   : .   (shield restricted)
Res.Poison: .       Res.Corr.  : .   (helmet restricted)
Res.Elec. : .       Clarity    : .   (no cloak)
Sust.Abil.: . .     Spirit.Shd : .   (gloves unavailable)
Res.Mut.  : .       Rnd.Telep. : +   (boots unavailable)
Res.Rott. : .       Flight     : .   (no amulet)
Gourmand  : +                        (no ring)
                                     m - cursed ring of teleportation

@: agile, very slightly contaminated, very slow, slightly resistant to hostile
enchantments, quite stealthy
A: unfitting armour, claws 3, fast metabolism 3, gourmand, regeneration 2,
saprovore 2, tough skin 2, AC +1
a: Bend Time, Renounce Religion, Evoke Teleportation


You were on level 8 of the Dungeon.
You worshipped Cheibriados.
Cheibriados was pleased with you.
You were very full.

You visited 2 branches of the dungeon, and saw 9 of its levels.

You collected 87 gold pieces.

Inventory:

Hand weapons
 o - a cursed +0 blowgun
Armour
 a - a +0 robe (worn)
Magical devices
 d - a wand of magic darts (8)
Comestibles
 b - 4 meat rations
 g - a pear
 i - a chunk of orc flesh
Scrolls
 c - 2 scrolls of curse armour {unknown}
 h - 2 scrolls of immolation {unknown}
 j - a scroll of magic mapping
 n - a scroll of fear {unknown}
Jewellery
 m - a cursed ring of teleportation (left claw)
Potions
 k - a potion of poison
Books
 l - a book of Beasts

   Spells                             Type                      Level
   Summon Butterflies                 Summoning                    1
   Sticks to Snakes                   Transmutation                2
   Call Canine Familiar               Summoning                    3
   Ice Form                           Ice/Transmutation            4
   Summon Ice Beast                   Ice/Summoning                4
   Summon Hydra                       Summoning                    7


   Skills:
 + Level 3.9 Fighting
 - Level 2.4 Dodging
 - Level 1.1 Stealth
 * Level 6.6 Unarmed Combat
 * Level 1.6 Spellcasting
 + Level 2.0 Invocations


You had 9 spell levels left.
You didn't know any spells.

Dungeon Overview and Level Annotations

Branches:
Dungeon (8/27)             Temple (1/1) D:4
    Orc: D:6-11        Lair: D:8-13

Altars:
Cheibriados
Elyvilon
Fedhas
Kikubaaqudgha
Nemelex Xobeh
Okawaru
Trog
Vehumet
Xom
Yredelemnul
Zin
the Shining One

Shops:
D:4 [


Innate Abilities, Weirdness & Mutations

You are too large for most types of armour.
You have claws for hands.
Your metabolism is lightning-fast.
You like to eat raw meat.
You heal very quickly.
You can eat rotten meat.
You are covered in fur (AC +1).
You have very tough skin (AC +2).


Message History

You feel more agile all of a sudden. The jackal barely misses you.
The crocodile bites you!
* * * LOW HITPOINT WARNING * * *
Unknown command.
You completely miss the crocodile. The jackal closely misses you.
Unknown command.
Unknown command.
Unknown command.
You closely miss the crocodile. The crocodile closely misses you.
The jackal barely misses you.
Unknown command.
Unknown command.
Unknown command.
You hit the crocodile.
The crocodile begins to bleed from its wounds!
The crocodile is lightly wounded.
The jackal bites you but does no damage.
The crocodile bites you!
You die...

.................
............>......
...................
.........%.........
................#
....###.###....#
#.)...##...#
#...th##...#
#...)@##.###
#...).##.#
#.....##..
#.....##..
#######... .... ...
.


You could see a crocodile (bleeding) and a jackal.

Vanquished Creatures
  An orc warrior (D:7)
  2 centaurs
  The ghost of zkyp the Insei, a weakling DsMo (D:4)
  A gnoll shaman (D:8)
  A hound (D:7)
  3 scorpions
  Ijyb (D:3)
  Jessica (D:2)
  A mummy (D:7)
  2 gnolls (D:8)
  A worker ant zombie (D:5)
  2 adders (D:2)
  An inept item mimic (D:5)
  An iguana skeleton (D:4)
  An ooze (D:1)
  9 orcs
  3 hobgoblins
  4 jackals
  4 kobolds
  3 ball pythons
  3 bats
  A giant cockroach (D:1)
  2 giant newts
  2 goblins
  An orc skeleton (D:6)
  6 rats
58 creatures vanquished.

Notes
Turn   | Place    | Note
--------------------------------------------------------------
     0 | D:1      | 4tharraofdagon, the Troll Monk, began the quest for the Orb.
     0 | D:1      | Reached XP level 1. HP: 20/20 MP: 0/0
   119 | D:1      | Reached XP level 2. HP: 23/28 MP: 0/0
   198 | D:2      | Noticed Jessica
   205 | D:2      | Killed Jessica
   205 | D:2      | Reached XP level 3. HP: 33/36 MP: 1/1
   298 | D:3      | Bloax: Wp: a) +5,+11 quick blade (antimagic)
   303 | D:3      | Bloax: Yermak having Trog being a bro.
   303 | D:3      | 4tharraofdagon: yermak in action
   338 | D:2      | Reached skill level 5 in Unarmed Combat
   351 | D:3      | Noticed Ijyb
   359 | D:3      | Killed Ijyb
   359 | D:3      | Reached XP level 4. HP: 44/44 MP: 1/1
   379 | D:4      | Found Ynuloeck's Antique Armour Shop.
   428 | D:4      | Noticed zkyp's ghost (weakling DsMo)
   446 | D:4      | Killed zkyp's ghost
   512 | D:4      | Found a staircase to the Ecumenical Temple.
   518 | Temple   | Entered the Ecumenical Temple
   563 | Temple   | Became a worshipper of Cheibriados the Contemplative
   563 | Temple   | Acquired Cheibriados' first power
   569 | D:4      | Bloax: hehe
   625 | D:5      | Entered Level 5 of the Dungeon
   712 | D:5      | Reached XP level 5. HP: 48/52 MP: 1/1
   807 | D:6      | Reached skill level 6 in Unarmed Combat
   887 | D:6      | Noticed a centaur
   890 | D:6      | Killed a centaur
   890 | D:6      | Reached skill level 1 in Spellcasting
   890 | D:6      | Reached skill level 1 in Invocations
   890 | D:6      | Reached XP level 6. HP: 35/59 MP: 1/3
   963 | D:7      | 4tharraofdagon: so this is compilation of best gamma ray live attempts
  1066 | D:7      | Bloax: Strangely enough it seems like the same scene all the way through.
  1151 | D:7      | Reached XP level 7. HP: 40/67 MP: 4/4
  1152 | D:7      | Bloax: There's one sad thing though.
  1153 | D:7      | Bloax: http://upload.wikimedia.org/wikipedia/commons/c/c1/Ralf_Scheepers_2009.09.25.jpg
  1161 | D:8      | Bloax: he is bald now :c
  1193 | D:8      | Slain by a crocodile

Action                   |  1- 3 |  4- 6 |  7- 9 || total
-------------------------+-------+-------+-------++-------
Melee: Unarmed           |    53 |   103 |    14 ||   170
Evoke: Wand              |       |     1 |       ||     1
  Use: Scroll            |       |     8 |       ||     8
       Potion            |       |     3 |     1 ||     4
 Stab: Invisible         |       |     1 |     2 ||     3
       Sleeping          |       |       |     1 ||     1
